 Dungeon Crawl Stone Soup version 0.28.0-62-gf88900778d (webtiles) character file.

Game seed: 7930073353020700941

13373 cbfl8 the Cleaver (level 11, -7/141 HPs)
             Began as a Minotaur Fighter on June 27, 2023.
             Mangled by an orc warrior
             ... wielding a +0 spear
              (9 damage)
             ... in a bailey.
             The game lasted 00:13:42 (10556 turns).

cbfl8 the Cleaver (Minotaur Fighter)               Turns: 10556, Time: 00:13:43

Health: -7/141     AC: 25    Str: 20    XL:     11   Next: 74%
Magic:  12/12      EV:  2    Int:  5    God:
Gold:   542        SH: 11    Dex: 15    Spells: 10/10 levels left

rFire   + . .      SeeInvis .   a - +0 war axe
rCold   . . .      Faith    .   c - +0 buckler
rNeg    . . .      Spirit   .   (armour currently unavailable)
rPois   +          Reflect  +   (helmet currently unavailable)
rElec   .          Harm     .   (cloak currently unavailable)
rCorr   .          Rampage  .   (gloves currently unavailable)
Will    .....      NoTele   +   (boots currently unavailable)
Stlth   +++.......              j - amulet of reflection
HPRegen 0.33/turn               o - ring of protection from fire
MPRegen 0.13/turn               h - +4 ring of evasion

@: tree-form, attractive
A: stationary, stasis, torment immunity, boosted hp, (horns 2), (retaliatory
headbutt)
a: no special abilities


You were in a bailey.
You were a tree.
You visited 1 branch of the dungeon, and saw 9 of its levels.
You also visited: Bailey.

You collected 542 gold pieces.

Inventory:

Hand Weapons
 a - a +0 war axe (weapon)
Armour
 c - a +0 buckler (worn)
 s - a +0 pair of gloves (melded)
 t - a +0 plate armour (melded)
Jewellery
 h - a +4 ring of evasion (right branch)
 j - an amulet of reflection (around neck)
 l - a ring of fire
 n - a ring of see invisible
 o - a ring of protection from fire (left branch)
Wands
 b - a wand of paralysis (1)
 d - a wand of charming (1) (quivered)
Scrolls
 i - 2 scrolls of teleportation
Potions
 e - a potion of haste
 f - 3 potions of curing
 g - 2 potions of resistance
 k - a potion of ambrosia
 p - 4 potions of mutation


   Skills:
 + Level 8.2 Fighting
 + Level 12.2 Axes
 + Level 9.3 Armour
 + Level 4.4 Dodging
 + Level 4.1 Stealth
 + Level 8.7 Shields
 + Level 3.1 Invocations
 * Level 7.3 Evocations


You had 10 spell levels left.
You didn't know any spells.
Your spell library contained the following spells:

 Spells                   Type           Power      Damage    Failure   Level
 Beastly Appendage        Tmut           0%         N/A       54%         1
 Wereblood                Tmut           0%         N/A       69%         2
 Spider Form              Tmut/Pois      0%         N/A       89%         3


Dungeon Overview and Level Annotations

Branches:
Dungeon (9/15)             Temple (0/1) D:7            Lair (0/6) D:8
    Orc (0/2) D:9          Bailey (1/1)

Altars:
Fedhas
Gozag
Hepliaklqana
Kikubaaqudgha
Makhleb
Ru
Sif Muna
Uskayaw
Wu Jian
Yredelemnul

Shops:
D:8 *

Annotations:
D:8 2 transporters, macfelon's ghost, novice DECj
D:9 1 transporter


Innate Abilities, Weirdness & Mutations

You are a tree.
Your roots penetrate the ground, keeping you stationary.
You cannot be teleported.
You are immune to unholy pain and torment.
Your maximum health is greatly increased.
Your equipment is partially melded.
((You have a pair of horns on your head.))
((You reflexively headbutt those who attack you in melee.))


Message History

You block the orc warrior's attack. The orc warrior barely misses you.
The orc knight hits you but does no damage.
You block the orc warrior's attack.
The orc warrior hits you but does no damage.
The orc warrior hits you with a +0 bardiche!
The orc knight roars a battlecry!
The orc warriors go into a battle-frenzy!
The orc warrior hits you from afar with a +0 spear!
The orc warrior hits you with a +0 halberd.
You block the orc warrior's attack.
The orc knight hits you but does no damage.
Unknown command.
The orc warrior hits you from afar with a +0 spear!
You block the orc warrior's attack.
The orc warrior hits you with a +0 bardiche!
* * * LOW HITPOINT WARNING * * *
The orc knight hits you but does no damage.
An orc warrior comes into view. It is wielding a +0 spear.
The orc warrior is attracted toward you.
You slash the orc warrior!
The orc warrior is moderately wounded.
You hit the orc warrior. The orc warrior completely misses you.
Your orc knight hits the orc warrior with a +0 glaive!
The orc warrior dies!
The orc warrior hits you with a +0 halberd!!
* * * LOW HITPOINT WARNING * * *
You block the orc knight's attack. The orc knight is attracted toward you.
You slash the orc warrior!
The orc warrior is heavily wounded.
You hit the orc knight but do no damage.
The orc warrior hits you from afar with a +0 spear!!
* * * LOW HITPOINT WARNING * * *
Your orc knight hits the orc warrior from afar with a +0 glaive!!
The orc warrior dies!
The orc warrior is attracted toward you.
Unknown command.
You hit the orc knight but do no damage.
You barely miss the orc warrior.
The orc warrior hits you from afar with a +0 spear!
You die...

#.......#
#.......#
#.......#
#.......
#.......
#...§o#
#'''oo#
##...o♣##
#.....).#
#.......#
#.......#
#..#.#..#
#.......#
##.....##
##'''##
#.....#


You could see an orc knight (ally target), 2 orc warriors and a friendly orc
knight (charmed).

Vanquished Creatures
  A manticore (D:8)
  Grinder (D:6)
  13 yaks
  Grum (D:9)
  A steam dragon (D:8)
  Menkaure (D:5)
  A warg (D:8)
  2 water moccasins
  7 orc warriors
  2 sky beasts
  2 ice beasts
  3 necrophages
  2 centaurs (D:7)
  2 wolves (D:9)
  A phantom (D:5)
  A kobold brigand (D:7)
  A bullfrog (D:7)
  A wyvern zombie (D:8)
  2 scorpions
  A water moccasin skeleton (D:7)
  5 wights
  5 killer bees (D:8)
  2 howler monkeys (D:8)
  2 centaur zombies
  3 bullfrog zombies
  A bullfrog skeleton (D:7)
  2 jellies (D:6)
  8 orc priests
  An iguana (D:4)
  Ijyb (D:4)
  A human skeleton (D:7)
  5 orc wizards
  A hound zombie (D:5)
  A howler monkey zombie (D:6)
  9 adders
  4 white imps
  2 ufetubi
  An adder skeleton (D:4)
  4 worms
  2 dart slugs
  38 orcs
  5 ball pythons
  8 bats
  6 endoplasms
  5 giant cockroaches
  8 goblins
  8 hobgoblins
  2 jackals (D:4)
  A quokka (D:1)
  2 frilled lizards
  7 kobolds
  A kobold zombie (D:7)
  6 rats
203 creatures vanquished.

Vanquished Creatures (collateral kills)
  2 orc warriors (Bailey)
2 creatures vanquished.

Vanquished Creatures (others)
  An orc warrior (Bailey)
  A kobold (D:7)
2 creatures vanquished.

Grand Total: 207 creatures vanquished

Notes
Turn   | Place    | Note
-------+----------+-------------------------------------------
     0 | D:1      | cbfl8 the Minotaur Fighter began the quest for the Orb.
     0 | D:1      | Reached XP level 1. HP: 19/19 MP: 0/0
    97 | D:1      | Reached XP level 2. HP: 27/27 MP: 1/1
   755 | D:1      | Reached skill level 1 in Evocations
   987 | D:2      | Reached XP level 3. HP: 27/33 MP: 2/2
  1196 | D:2      | Found a faded altar of an unknown god.
  1467 | D:2      | Reached skill level 3 in Axes
  1509 | D:2      | Reached XP level 4. HP: 40/40 MP: 3/3
  2091 | D:3      | Found an opulent altar of Gozag.
  2141 | D:3      | Found a hazy altar of Hepliaklqana.
  2141 | D:3      | Found a faded altar of an unknown god.
  2149 | D:3      | Found a shimmering blue altar of Sif Muna.
  2151 | D:3      | Found a blossoming altar of Fedhas.
  2153 | D:3      | Found an ancient bone altar of Kikubaaqudgha.
  2839 | D:4      | Noticed a scorpion
  2857 | D:3      | Killed a scorpion
  2858 | D:3      | Reached skill level 1 in Dodging
  2858 | D:3      | Reached XP level 5. HP: 35/46 MP: 4/4
  3101 | D:4      | Reached skill level 4 in Axes
  3530 | D:4      | Reached XP level 6. HP: 17/53 MP: 5/5
  3946 | D:4      | Noticed Ijyb
  3948 | D:4      | Paralysed by Ijyb for 3 turns
  3953 | D:4      | Paralysed by Ijyb for 7 turns
  3962 | D:4      | Killed Ijyb
  4567 | D:5      | Entered Level 5 of the Dungeon
  4721 | D:5      | Reached skill level 5 in Axes
  4721 | D:5      | Reached skill level 5 in Armour
  4878 | D:5      | Reached XP level 7. HP: 35/60 MP: 6/6
  5064 | D:5      | Reached skill level 5 in Shields
  5222 | D:5      | Found a hide-covered altar of Uskayaw.
  5231 | D:5      | Found a sacrificial altar of Ru.
  5304 | D:5      | Noticed Menkaure
  5313 | D:5      | Killed Menkaure
  5540 | D:6      | Reached skill level 5 in Fighting
  5540 | D:6      | Reached skill level 6 in Axes
  5540 | D:6      | Reached skill level 1 in Stealth
  5541 | D:6      | Reached XP level 8. HP: 67/68 MP: 7/7
  6085 | D:6      | Reached skill level 7 in Axes
  6140 | D:6      | Found an ornate altar of the Wu Jian Council.
  6172 | D:6      | Found a burning altar of Makhleb.
  6172 | D:6      | Noticed Grinder
  6177 | D:6      | Paralysed by Grinder for 7 turns
  6186 | D:6      | Killed Grinder
  6645 | D:7      | Reached skill level 8 in Axes
  6654 | D:7      | Reached XP level 9. HP: 75/75 MP: 8/8
  6675 | D:7      | Identified the +1 robe of Wicathrao {rElec rF- rC+++ rCorr}
  6697 | D:7      | Found a runed translucent door.
  6706 | D:7      | Found a basalt altar of Yredelemnul.
  6831 | D:7      | Reached skill level 5 in Evocations
  6960 | D:7      | Found a staircase to the Ecumenical Temple.
  7396 | D:8      | Reached skill level 9 in Axes
  7715 | D:7      | Reached skill level 10 in Axes
  8177 | D:8      | Reached XP level 10. HP: 57/84 MP: 9/9
  8386 | D:8      | Found Ricuucot's Assorted Antiques.
  8563 | D:8      | Found a transporter.
  8563 | D:8      | Noticed macfelon's ghost (novice DECj)
  8564 | D:8      | Noticed a gargoyle
  8569 | D:8      | Noticed a tengu warrior
  8576 | D:8      | Found a transporter.
  8695 | D:8      | Reached skill level 11 in Axes
  8706 | D:8      | Noticed a manticore
  8796 | D:8      | Killed a manticore
  9484 | D:8      | Found a staircase to the Lair.
  9742 | D:9      | Found a staircase to the Orcish Mines.
  9765 | D:9      | Noticed Grum
  9775 | D:9      | Killed Grum
  9806 | D:9      | Found a transporter.
  9887 | D:9      | Found a flagged portal.
  9897 | Bailey   | Entered a bailey
 10373 | Bailey   | Reached skill level 12 in Axes
 10373 | Bailey   | Reached XP level 11. HP: 90/94 MP: 9/12
 10501 | Bailey   | Noticed an orc knight
 10537 | Bailey   | Noticed an orc knight
 10548 | Bailey   | Noticed an orc knight
 10555 | Bailey   | HP: 2/141 [orc warrior/+0 spear (21)]
 10556 | Bailey   | Mangled by an orc warrior

Illustrated notes

Levels and vault maps discovered:
D:1:      dpeg_arrival_prison, layout_basic
D:2:      layout_basic, chequers_ecumenical_altar_grove
D:3:      layout_basic, chequers_temple_overflow_minitemple,
          grunt_gozag_statues, wander_ebering_terrifying_dragon_lair
D:4:      layout_basic, minmay_crossroads, uniq_ijyb
D:5:      layout_rooms, amethyst_overflow_temple_binary, uniq_menkaure
D:6:      layout_cave_pools, mainiacjoe_overflow_alcove_4,
          nzn_wu_jian_contemplation, uniq_grinder
D:7:      layout_cave_pools, dk_yredelemnul_ordeal,
          minmay_temple_entry_from_below_a
D:8:      layout_basic, lair_entry_dummy, gammafunk_ghost_arena, serial_shops,
          shop
D:9:      layout_loops_ring, erik_orc_4, enter_bailey_2,
          gammafunk_ghost_abyssal_escape, uniq_grum
Bailey:   bailey_polearm_5, bailey

Skill      XL: |  1  2  3  4  5  6  7  8  9 10 |
---------------+-------------------------------+-----
Shields        | 4 5 6 7 8 |  8.7
Evocations     | 1 2 3 4 6 7 |  7.3
Armour         | 4 5 6 7 9 |  9.3
Fighting       | 4 5 6 8 |  8.2
Axes           | 3 4 5 6 8 10 12 | 12.2
Dodging        | 1 2 4 |  4.4
Stealth        | 1 2 4 |  4.1
Invocations    | 3 |  3.1

Action                   |  1- 3 |  4- 6 |  7- 9 | 10-12 || total
-------------------------+-------+-------+-------+-------++-------
Melee: War axe           |    79 |   132 |   226 |   188 ||   625
       Headbutt          |     9 |    20 |    60 |    45 ||   134
Evoke: Wand              |       |       |     6 |    10 ||    16
  Use: Scroll            |       |     9 |     2 |     4 ||    15
       Potion            |       |     2 |       |     9 ||    11
 Stab: Paralysed         |       |       |     7 |     7 ||    14
Armor: Scale mail        |    35 |    68 |    31 |       ||   134
       Plate armour      |       |       |    44 |    78 ||   122
       Skin              |       |       |       |     7 ||     7
Dodge: Dodged            |    32 |    51 |   101 |    75 ||   259
Block: Buckler           |    27 |    80 |   123 |   118 ||   348
       Reflection        |     1 |     2 |     3 |     1 ||     7
